 Dungeon Crawl Stone Soup version 0.29.0-11-gd7f09526c8 (webtiles) character file.

Game seed: 7648199891170636971

30 SensoryNuts the Trooper (level 3, -4/33 HPs)
             Began as a Draconian Fighter on Sept 2, 2022.
             Splashed by a jelly's acid (7 damage)
             ... on level 4 of the Dungeon.
             The game lasted 00:01:14 (1647 turns).

SensoryNuts the Trooper (Draconian Fighter)         Turns: 1647, Time: 00:01:14

Health: -4/33      AC: -11   Str: 18    XL:     3   Next: 5%
Magic:  3/3        EV: 12    Int:  8    God:
Gold:   111        SH:  4    Dex: 12    Spells: 2/2 levels left

rFire   . . .      SeeInvis .   a - +0 long sword
rCold   . . .      Faith    .   b - +0 buckler
rNeg    . . .      Spirit   .   (body armour unavailable)
rPois   .          Reflect  .   (helmet restricted)
rElec   .          Harm     .   (no cloak)
rCorr   .          Rampage  .   (no gloves)
Will    .....                   (no boots)
Stlth   +.........              (no amulet)
HPRegen 0.11/turn               (no ring)
MPRegen 0.08/turn               (no ring)

@: mighty, corroded
A: AC +5, unfitting armour, cold-blooded
a: no special abilities


You were on level 4 of the Dungeon.
You visited 1 branch of the dungeon, and saw 4 of its levels.

You collected 111 gold pieces.

Inventory:

Hand Weapons
 a - a +0 long sword (weapon)
Armour
 b - a +0 buckler (worn)
Scrolls
 j - a scroll of teleportation
Potions
 c - 2 potions of might
 f - a potion of mutation
 g - 3 potions of invisibility
 h - a potion of magic
 i - 4 potions of curing {unknown}
 k - 2 potions of haste {unknown}


   Skills:
 + Level 3.7 Fighting
 * Level 2.5 Long Blades
 + Level 2.9 Dodging
 + Level 3.3 Shields


You had 2 spell levels left.
You didn't know any spells.
Your spell library contained the following spells:

 Spells                   Type           Power      Damage    Failure   Level
 Ozocubu's Armour         Ice            0%         N/A       86%         3
 Ozocubu's Refrigeration  Ice            0%         4d7       100%        7


Dungeon Overview and Level Annotations

Branches:
Dungeon (3/15)

Altars:


Innate Abilities, Weirdness & Mutations

Your plain brown scales are hard. (AC +5)
You cannot fit into any form of body armour.
You are cold-blooded and may be slowed by cold attacks.


Message History

c - 3 potions of might (gained 1)
You open the gate.
There is an open gate here.
Found a stone staircase leading down.
A sourceless malevolence fills the Dungeon...
You fall into a shaft and drop 1 floor!
The shaft crumbles and collapses.
A jelly comes into view.
The jelly quivers.
A jelly is nearby!
A jelly is nearby!
The jelly completely misses you.
You barely miss the jelly. The jelly barely misses you.
You hit the jelly. The acid corrodes you!
Your hands burn!
The jelly is moderately wounded.
The jelly hits you but does no damage.
You slash the jelly! The acid corrodes you!
Your hands burn!
The jelly is severely wounded.
The jelly closely misses you.
You hit the jelly but do no damage.
Your hands burn!
The jelly is severely wounded.
The jelly hits you.
You are splashed with acid!
The jelly hits you. The acid corrodes you!
You are splashed with acid!
* * * LOW HITPOINT WARNING * * *
You are too injured to fight recklessly!
You are too injured to fight recklessly!
You are too injured to fight recklessly!
A jelly is nearby!
A jelly is nearby!
Unknown command.
You hit the jelly but do no damage.
Your hands burn!
* * * LOW HITPOINT WARNING * * *
The jelly is severely wounded.
The jelly jiggles.
The jelly barely misses you.
You feel very mighty all of a sudden. The jelly hits you.
* * * LOW HITPOINT WARNING * * *
The acid corrodes you!
You are splashed with acid!
You die...

#.#.. ....
##...#
.#..# ....
#..# #.J#
#.@########
#.........#
##.######.#
#.# #.# #.#
#.# #.####
#.# #....#
#.#
####.###.##
#.##...##


You could see a jelly.

Vanquished Creatures
  A dart slug (D:1)
  5 endoplasms
  4 goblins (D:1)
  4 hobgoblins
  3 ball pythons (D:1)
  3 bats
  3 frilled lizards
  2 kobolds
  3 rats
28 creatures vanquished.

Notes
Turn   | Place    | Note
-------+----------+-------------------------------------------
     0 | D:1      | SensoryNuts the Draconian Fighter began the quest for the
                  | Orb.
     0 | D:1      | Reached XP level 1. HP: 19/19 MP: 1/1
   174 | D:1      | Reached XP level 2. HP: 26/26 MP: 2/2
   681 | D:2      | Found a faded altar of an unknown god.
  1564 | D:3      | Reached XP level 3. HP: 31/33 MP: 3/3
  1616 | D:3      | You fall into a shaft and drop 1 floor!
  1647 | D:4      | Splashed by a jelly's acid

Illustrated notes

Levels and vault maps discovered:
D:1:      sevenhm_arrival_forest_fort_large_4, layout_rooms
D:2:      layout_basic, shapermc_ecumenical_altar_flowoftime
D:3:      minmay_razor_zed, layout_basic, nicolae_ru_awakened_eye,
          kennysheep_cross_bottleneck, uniq_crazy_yiuf_cottage
D:4:      layout_loops_ring, nicolae_tso_besieged_by_evil,
          nicolae_dithmenos_shadow_blocks, kennysheep_opposing_triangles

Action                   || total
-------------------------++-------
Melee: Long sword        ||    77
       Tailslap          ||    10
  Use: Scroll            ||     5
       Potion            ||     1
Armor: Skin              ||    20
Dodge: Dodged            ||    53
Block: Buckler           ||    15
